 Dungeon Crawl Stone Soup version 0.28.0 (webtiles) character file.

Game seed: 2701083075962937299

803 Sanktem7 the Chopper (level 7, -6/61 HPs)
             Began as a Minotaur Fighter on Feb 15, 2022.
             Mangled by Pikel (9 damage)
             ... on level 5 of the Dungeon.
             The game lasted 00:07:20 (4611 turns).

Sanktem7 the Chopper (Minotaur Fighter)             Turns: 4611, Time: 00:07:21

Health: -6/61      AC: 11    Str: 23    XL:     7   Next: 59%
Magic:  6/6        EV:  8    Int: 11    God:
Gold:   179        SH:  4    Dex:  9    Spells: 6/6 levels left

rFire   . . .      SeeInvis .   a - +0 war axe
rCold   . . .      Faith    .   c - +0 buckler
rNeg    . . .      Spirit   .   m - +0 chain mail
rPois   .          Reflect  .   q - +1 hat
rElec   .          Harm     .   (no cloak)
rCorr   .          Rampage  .   (no gloves)
Will    .....                   (no boots)
Stlth   ..........              (no amulet)
HPRegen 0.20/turn               o - +6 ring of intelligence
MPRegen 0.10/turn               (no ring)

@: no status effects
A: horns 2, retaliatory headbutt
a: no special abilities


You were on level 5 of the Dungeon.
You visited 1 branch of the dungeon, and saw 5 of its levels.
You also visited: Sewer.

You collected 179 gold pieces.

Inventory:

Hand Weapons
 a - a +0 war axe (weapon)
Missiles
 p - 3 boomerangs (quivered)
Armour
 c - a +0 buckler (worn)
 m - a +0 chain mail (worn)
 q - a +1 hat (worn)
Jewellery
 o - a +6 ring of intelligence (left hand)
 t - a ring of protection from fire
 u - a ring of willpower
Scrolls
 b - a scroll of blinking {unknown}
 e - 2 scrolls of silence {unknown}
 f - 4 scrolls of enchant weapon {unknown}
 g - 2 scrolls of teleportation {unknown}
 j - 3 scrolls of fear {unknown}
 k - a scroll of identify {unknown}
 r - a scroll of fog {unknown}
Potions
 d - 2 potions of might
 h - a potion of degeneration {unknown}
 i - 3 potions of invisibility {unknown}
 l - 4 potions of brilliance {unknown}
 n - a potion of resistance {unknown}
 s - 2 potions of curing {unknown}


   Skills:
 * Level 5.5 Fighting
 * Level 7.6 Axes
 * Level 6.6 Armour
 + Level 1.4 Dodging
 - Level 3.6 Shields


You had 6 spell levels left.
You didn't know any spells.
Your spell library contained the following spells:

 Spells                   Type           Power      Damage    Failure   Level
 Sublimation of Blood     Necr           0%         N/A       99%         2
 Wereblood                Tmut           0%         N/A       99%         2
 Tukima's Dance           Hex            0%         N/A       100%        3
 Passage of Golubria      Tloc           0%         N/A       100%        4
 Yara's Violent Unravell  Hex/Tmut       0%         3d3       100%        5
 Summon Hydra             Summ           0%         N/A       100%        7


Dungeon Overview and Level Annotations

Branches:
Dungeon (5/15)             Temple (0/1) D:5           Sewer (visited)

Altars:
Ashenzari
Hepliaklqana
The Shining One

Shops:
D:4 =   D:5 :

Annotations:
D:5 Pikel


Innate Abilities, Weirdness & Mutations

You have a pair of horns on your head.
You reflexively headbutt those who attack you in melee.


Message History

Pikel is moderately wounded.
You closely miss the lemure. You slash the lemure! x2
You closely miss the lemure. The lemure hits you! x2
The lemure hits you but does no damage. x2
Pikel hits you with a +2 whip of flaming.
Pikel burns you.
You barely miss Pikel. You headbutt Pikel!
Pikel is heavily wounded.
You closely miss the lemure. You barely miss the lemure. x2
You hit the lemure. The lemure misses you.
The lemure hits you but does no damage. x2
Pikel hits you with a +2 whip of flaming.
Pikel burns you. The lemure closely misses you. You furiously retaliate!
You headbutt the lemure, but do no damage.
You hit Pikel. Your headbutt misses Pikel.
Pikel is heavily wounded.
You hit the lemure. You completely miss the lemure.
You hit the lemure but do no damage. You barely miss the lemure.
The lemure hits you but does no damage. x2; The lemure closely misses you.
The lemure barely misses you.
Pikel hits you with a +2 whip of flaming.
Pikel burns you. You block the lemure's attack.
You barely miss Pikel. Your headbutt misses Pikel.
Pikel is heavily wounded.
You hit the lemure but do no damage. You barely miss the lemure.
You hit the lemure. x2; The lemure hits you.
The lemure hits you but does no damage. Pikel barely misses you.
You furiously retaliate!
You headbutt Pikel, but do no damage. The lemure hits you!
* * * LOW HITPOINT WARNING * * *
The lemure hits you.
* * * LOW HITPOINT WARNING * * *
You slash Pikel!
Pikel is almost dead.
You closely miss the lemure. You slash the lemure! You miss the lemure.
You slash the lemure! The lemure hits you but does no damage.
The lemure hits you!
* * * LOW HITPOINT WARNING * * *
Pikel hits you with a +2 whip of flaming!
You die...

.#.##.. ...#.........
.....##......#......
#.###....#.......#......
....##.$........###.....
........................
....>.......#P.P........
............##.#####....
......#K5..P#...#P#.....
......5@5.<...>.........
....###5...P#...#P..[...
#. #.#...##.##.....#.
....#...P.P...#####
....)∩....#..#...##
.......(.######...##
###......# ###.....#
#...#### #......## .
#......#


You could see Pikel and 4 lemures.

Vanquished Creatures
  Pargi (Sewer)
  A sky beast (D:5)
  A black bear (D:4)
  An ogre (D:4)
  A scorpion (D:5)
  A howler monkey (D:5)
  A bullfrog zombie (D:5)
  2 hounds (D:4)
  Jessica (D:2)
  2 iguanas
  An orc wizard (D:3)
  A hound skeleton (D:4)
  3 adders (D:4)
  A white imp (D:5)
  3 worms
  5 orcs
  9 bats
  5 endoplasms
  6 giant cockroaches
  8 goblins
  8 hobgoblins
  3 jackals (D:4)
  5 kobolds
  6 quokkas
  10 ball pythons
  5 frilled lizards (Sewer)
  7 rats
98 creatures vanquished.

Notes
Turn   | Place    | Note
-------+----------+-------------------------------------------
     0 | D:1      | Sanktem7 the Minotaur Fighter began the quest for the Orb.
     0 | D:1      | Reached XP level 1. HP: 19/19 MP: 0/0
   131 | D:1      | Reached XP level 2. HP: 27/27 MP: 1/1
   708 | D:1      | Reached skill level 3 in Axes
   826 | D:2      | Reached XP level 3. HP: 26/33 MP: 2/2
  1218 | D:2      | Noticed Jessica
  1222 | D:2      | Found a glowing golden altar of the Shining One.
  1230 | D:2      | Killed Jessica
  1376 | D:2      | Reached XP level 4. HP: 36/41 MP: 3/3
  1801 | D:3      | Reached skill level 4 in Axes
  2945 | D:4      | Found a hazy altar of Hepliaklqana.
  2983 | D:4      | Found a glowing drain.
  3002 | D:4      | Reached skill level 1 in Dodging
  3002 | D:4      | Reached XP level 5. HP: 36/47 MP: 4/4
  3073 | Sewer    | Entered a sewer
  3137 | Sewer    | Noticed Pargi
  3150 | Sewer    | Killed Pargi
  3151 | Sewer    | Reached skill level 5 in Axes
  3151 | Sewer    | Reached skill level 5 in Armour
  3430 | D:4      | Noticed an ogre
  3438 | D:4      | Killed an ogre
  3439 | D:4      | Reached XP level 6. HP: 50/55 MP: 5/5
  3549 | D:4      | Reached skill level 5 in Fighting
  3549 | D:4      | Reached skill level 6 in Axes
  3803 | D:4      | Reached XP level 7. HP: 48/61 MP: 6/6
  3903 | D:4      | Found Coqav's Jewellery Shop.
  4133 | D:4      | Found a broken altar of Ashenzari.
  4386 | D:5      | Entered Level 5 of the Dungeon
  4394 | D:5      | Reached skill level 7 in Axes
  4574 | D:5      | Found a staircase to the Ecumenical Temple.
  4589 | D:5      | Found Ywnixtup's Book Boutique.
  4599 | D:5      | Noticed Pikel
  4611 | D:5      | HP: 3/61 [lemure[Pikel] (7)]
  4611 | D:5      | Mangled by Pikel

Illustrated notes

Levels and vault maps discovered:
D:1:      arrival_zaba_pyramid, layout_basic
D:2:      layout_loops_ring, basic_altar, minmay_misc_feat_chi, glass_columns_a,
          uniq_jessica
D:3:      layout_basic
D:4:      layout_basic, lemuel_tele_altar, lemuel_doored_altar,
          gup_sewer_entry_glass, serial_shops, nicolae_shop_statue_plus,
          grunt_ministairs_2
D:5:      layout_cave_pools, minmay_temple_entry_gardened_gates, serial_shops,
          shop, enter_ossuary_5, amcnicky_mini_pool_small, uniq_pikel

Skill      XL: |  1  2  3  4  5  6  7 |
---------------+----------------------+-----
Fighting       | 4 5 |  5.5
Armour         | 4 5 6 |  6.6
Axes           | 3 4 5 6 7 |  7.6
Dodging        | 1 |  1.4
Shields        | |  3.6

Action                   |  1- 3 |  4- 6 |  7- 9 || total
-------------------------+-------+-------+-------++-------
Melee: War axe           |    76 |   141 |    30 ||   247
       Headbutt          |     7 |    13 |     3 ||    23
Armor: Scale mail        |    21 |       |       ||    21
       Chain mail        |       |   109 |    27 ||   136
Dodge: Dodged            |    26 |    64 |    22 ||   112
Block: Buckler           |    18 |    47 |     6 ||    71
